 Dungeon Crawl Stone Soup version 0.23-a0-87-g5f73bc1 (webtiles) character file.

1526 theguy1 the Cleaver (level 8, 0/71 HPs)
             Began as a Minotaur Fighter on Aug 16, 2018.
             Was an Initiate of Okawaru.
             Slain by an orc warrior
             ... wielding a +0 trident
              (9 damage)
             ... on level 6 of the Dungeon.
             The game lasted 00:13:51 (4616 turns).

theguy1 the Cleaver (Minotaur Fighter)              Turns: 4616, Time: 00:13:52

Health: 0/71       AC:  7    Str: 27    XL:     8   Next: 54%
Magic:  7/7        EV:  8    Int:  5    God:    Okawaru [......]
Gold:   213        SH: 12    Dex: 11    Spells: 7/7 levels left

rFire    . . .     SeeInvis .   l - +2 war axe (freeze)
rCold    . . .     Gourm    .   c - +1 shield
rNeg     . . .     Faith    .   b - +0 scale mail
rPois    .         Spirit   .   (helmet restricted)
rElec    .         Reflect  .   (no cloak)
rCorr    +         Harm     .   (no gloves)
MR       .....                  (no boots)
Stlth    ..........             (no amulet)
HPRegen  0.21/turn              m - ring of resist corrosion
MPRegen  0.10/turn              (no ring)

@: mighty
A: retaliatory headbutt, horns 2
a: Renounce Religion


You were on level 6 of the Dungeon.
You worshipped Okawaru.
Okawaru was noncommittal.
You were near starving.

You visited 2 branches of the dungeon, and saw 7 of its levels.

You collected 213 gold pieces.

Inventory:

Hand Weapons
 a - a +0 war axe
 l - a +2 war axe of freezing (weapon)
Armour
 b - a +0 scale mail (worn)
 c - a +1 shield (worn)
Jewellery
 m - a ring of resist corrosion (left hand)
Wands
 q - a wand of iceblast (8)
Scrolls
 e - 4 scrolls of remove curse
 p - a scroll of magic mapping
 s - 3 scrolls of fear
 t - a scroll of enchant armour
Potions
 h - a potion of curing
 i - 2 potions of agility
 k - 4 potions of lignification
 n - a potion of ambrosia {unknown}
 o - a potion of mutation {unknown}
 r - 2 potions of flight
Comestibles
 f - 9 rations


   Skills:
 + Level 6.8 Fighting
 * Level 8.5 Axes
 + Level 6.7 Armour
 + Level 6.8 Shields


You had 7 spell levels left.
You didn't know any spells.
Your spell library contained the following spells:

 Spells                   Type           Power        Failure   Level  Hunger
 Confuse                  Hex            #.......     100%        3    ####...
 Tukima's Dance           Hex            #.......     100%        3    ####...
 Ensorcelled Hibernation  Hex/Ice        #.....       99%         2    ###....
 Corona                   Hex            #......      97%         1    ##.....
 Dazzling Spray           Conj/Hex       #.....       100%        3    ####...


Dungeon Overview and Level Annotations

Branches:
Dungeon (6/15)             Temple (1/1) D:5

Altars:
Cheibriados
Dithmenos
Elyvilon
Fedhas
Gozag
Hepliaklqana
Kikubaaqudgha
Nemelex Xobeh
Okawaru
Qazlal
Ru
Sif Muna
Trog
Uskayaw
Vehumet
Wu Jian
Xom
Yredelemnul
Zin
The Shining One


Innate Abilities, Weirdness & Mutations

You reflexively headbutt those who attack you in melee.
You have a pair of horns on your head.


Message History

You hit the orc. You freeze the orc. You block the orc's attack.
The gnoll barely misses you.
A scorpion comes into view.
The orc hits you with a club.
The orc warrior hits you with a trident!
* * * LOW HITPOINT WARNING * * *
The gnoll hits you from afar with an enchanted spear.
* * * LOW HITPOINT WARNING * * *
You block the orc's attack.
Things that are here:
a dagger; a robe You feel better.
You block the orc warrior's attack. The gnoll hits you but does no damage.
A bullfrog skeleton comes into view.
The orc hits you with a mace!
* * * LOW HITPOINT WARNING * * *
The orc hits you but does no damage. You block the orc wizard's attack.
You feel very mighty all of a sudden.
The orc warrior hits you from afar with a trident!
You die...

.. ###.#..# .#
##.#.##.#.#..##.#
.................
.................
.................
.................
.......g.........
.......).@o......
........)oo......
.......<..o..?...
.................
.........$.......
.................
...........Zs....
.................
.................


You could see an orc warrior, a scorpion, an orc wizard, a gnoll, 2 orcs and a
bullfrog skeleton.

Vanquished Creatures
  Grinder (D:5)
  Menkaure (D:5)
  A sky beast (D:5)
  A big kobold (D:4)
  2 scorpions (D:4)
  5 wights (D:3)
  3 howler monkeys (D:5)
  A crimson imp (D:5)
  A bullfrog zombie (D:5)
  2 orc priests (D:4)
  A hound (D:4)
  A centaur skeleton (D:4)
  4 orc wizards
  Jessica (D:2)
  Natasha (twice) (D:4)
  2 worker ants (D:4)
  A hound skeleton (D:4)
  4 gnolls
  6 adders
  An ooze (D:1)
  An adder zombie (D:5)
  A worm (D:4)
  A dart slug (D:1)
  A leopard gecko (D:3)
  12 orcs
  4 bats
  4 giant cockroaches
  9 hobgoblins
  2 quokkas (D:3)
  3 ball pythons
  4 frilled lizards
  10 goblins
  16 kobolds
  A rat (D:1)
110 creatures vanquished.

Vanquished Creatures (others)
  A wizard (D:3)
1 creature vanquished.

Grand Total: 111 creatures vanquished

Notes
Turn   | Place    | Note
-------+----------+-------------------------------------------
     0 | D:1      | theguy1 the Minotaur Fighter began the quest for the Orb.
     0 | D:1      | Reached XP level 1. HP: 19/19 MP: 0/0
   219 | D:1      | Reached skill level 3 in Axes
   219 | D:1      | Reached XP level 2. HP: 25/27 MP: 1/1
   500 | D:1      | Reached XP level 3. HP: 33/33 MP: 2/2
  1071 | D:2      | Noticed Jessica
  1086 | D:2      | Killed Jessica
  1086 | D:2      | Reached XP level 4. HP: 27/40 MP: 3/3
  1300 | D:2      | Reached skill level 4 in Axes
  1674 | D:3      | Reached XP level 5. HP: 34/47 MP: 4/4
  1703 | D:3      | Reached skill level 5 in Axes
  1707 | D:3      | Reached XP level 6. HP: 33/55 MP: 5/5
  2075 | D:3      | Reached skill level 5 in Shields
  2198 | D:3      | Reached skill level 5 in Fighting
  2209 | D:3      | Reached skill level 5 in Armour
  2245 | D:3      | Found a bloodstained altar of Trog.
  2247 | D:3      | Noticed a wizard
  2253 | D:3      | Killed a wizard
  2526 | D:4      | Reached skill level 6 in Axes
  2536 | D:4      | Reached XP level 7. HP: 57/61 MP: 6/6
  3008 | D:4      | Noticed Natasha
  3024 | D:4      | Killed Natasha
  3058 | D:4      | Noticed Natasha
  3066 | D:4      | Killed Natasha
  3066 | D:4      | Reached skill level 7 in Axes
  3234 | D:5      | Entered Level 5 of the Dungeon
  3684 | D:5      | Reached XP level 8. HP: 63/70 MP: 7/7
  3788 | D:5      | Found an ornate altar of the Wu Jian Council.
  3789 | D:5      | Noticed Grinder
  3792 | D:5      | Paralysed by Grinder for 5 turns
  3800 | D:5      | Killed Grinder
  3800 | D:5      | Reached skill level 8 in Axes
  3882 | D:5      | Noticed Menkaure
  3889 | D:5      | Killed Menkaure
  4217 | D:5      | Found a staircase to the Ecumenical Temple.
  4232 | Temple   | Entered the Ecumenical Temple
  4509 | Temple   | Became a worshipper of Warmaster Okawaru
  4616 | D:6      | Slain by an orc warrior

Vault maps used:
D:1:      dpeg_arrival_chase
D:2:      uniq_jessica
D:3:      grunt_ministairs_8, minmay_misc_feat_encased, trog_wizard
D:4:      cheibrodos_thug_alley, first_ration, uniq_natasha
D:5:      lemuel_round_altar, temple_green, uniq_menkaure, uniq_grinder
D:6:      kennysheep_slug_shrine
Temple:   eino_narrow_crystal_temple

Skill      XL: |  1  2  3  4  5  6  7  8 |
---------------+-------------------------+-----
Axes           | 3 4 5 6 7 8 |  8.5
Shields        | 4 5 6 |  6.8
Fighting       | 4 5 6 |  6.8
Armour         | 4 5 6 |  6.7

Action                   |  1- 3 |  4- 6 |  7- 9 || total
-------------------------+-------+-------+-------++-------
Melee: War axe           |    68 |    92 |   117 ||   277
       Headbutt          |     8 |    10 |    22 ||    40
  Use: Scroll            |       |     7 |     3 ||    10
       Potion            |       |     1 |     3 ||     4
  Eat: Chunk             |     1 |     4 |     5 ||    10
Armor: Scale mail        |    33 |    24 |    31 ||    88
Dodge: Dodged            |    28 |    19 |    33 ||    80
Block: Shield            |    36 |    40 |    55 ||   131

Table legend:
 A = Non-vault XP
 B = Vault XP
 C = Vault XP percentage of total XP
 D = Non-vault monster count
 E = Vault monster count
 F = Vault count percentage of total count
 G = Total turns spent on level
                 A         B        C        D         E       F
            +---------+---------+-------+---------+---------+-------
      Total |    1522 |     658 |  30.2 |      93 |      17 |  15.5
            +---------+---------+-------+---------+---------+-------
        D:1 |      49 |       0 |   0.0 |      19 |       0 |   0.0
        D:2 |      31 |      37 |  54.4 |      11 |       1 |   8.3
        D:3 |     403 |       1 |   0.2 |      28 |       1 |   3.4
        D:4 |     522 |     155 |  22.9 |      19 |      13 |  40.6
        D:5 |     436 |     465 |  51.6 |      12 |       2 |  14.3
        D:6 |      81 |       0 |   0.0 |       4 |       0 |   0.0
            +---------+---------+-------+---------+---------+-------
